 Dungeon Crawl Stone Soup version 0.29.0-10-g45618ea6d2 (webtiles) character file.

Game seed: 2348805619694496165

4962 Ashen the Ogre Mage (level 10, -3/85 (104) HPs)
             Began as an Ogre Ice Elementalist on Sept 1, 2022.
             Slain by a wight
             ... wielding a +0 flail
              (11 damage)
             ... on level 6 of the Dungeon.
             The game lasted 00:23:45 (10378 turns).

Ashen the Ogre Mage (Ogre Ice Elementalist)        Turns: 10378, Time: 00:23:46

HP:   -3/85 (104)   AC:  6    Str: 14    XL:     10   Next: 53%
MP:   40/40         EV: 12    Int: 20    God:
Gold: 982           SH:  0    Dex: 13    Spells: 6/25 levels left

rFire   x . .      SeeInvis .   u - +6 spear of the Messenger {vorpal, MP+9}
rCold   + . .      Faith    .   (no shield)
rNeg    . . .      Spirit   .   a - +0 robe
rPois   +          Reflect  .   (helmet restricted)
rElec   .          Harm     .   o - +2 cloak {rCorr}
rCorr   +          Rampage  .   (gloves unavailable)
Will    +....                   (boots unavailable)
Stlth   +++.......              (no amulet)
HPRegen 0.24/turn               B - ring "Ysin Kosh" {Ice Dex+4}
MPRegen 0.27/turn               D - ring of magical power

@: heavily drained
A: large, unfitting armour, tough skin 1, poison resistance
a: no special abilities


You were on level 6 of the Dungeon.
You visited 2 branches of the dungeon, and saw 8 of its levels.
You also visited: Bailey.

You collected 982 gold pieces.

Inventory:

Hand Weapons
 p - the +7 hammer of the Undead {freeze, rC- rN+ MP-9 Int+9}
   (You found it on level 2 of the Dungeon)

   It freezes those it strikes, dealing additional cold damage.
   It can also slow down cold-blooded creatures.
   Int:       It affects your intelligence (+9).
   rC:        It makes you vulnerable to cold.
   rN:        It protects you from negative energy.
   MP:        It affects your magic capacity (-9).
 u - the +6 spear of the Messenger (weapon) {vorpal, MP+9}
   (You found it on level 3 of the Dungeon)

   It inflicts extra damage upon your enemies.
   MP:        It affects your magic capacity (+9).
 x - a +0 flail of venom
 z - a +4 dagger of venom
 I - a +1 giant spiked club of flaming
Missiles
 l - 7 large rocks (quivered)
 G - 4 throwing nets
Armour
 a - a +0 robe (worn)
 o - a +2 cloak of preservation (worn)
 y - the +1 storm dragon scales of the Cartwright {rElec rF+ Will- Dex+3 SInv}
   (You found it on level 6 of the Dungeon)

   Dex:       It affects your dexterity (+3).
   rF:        It protects you from fire.
   rElec:     It insulates you from electricity.
   SInv:      It lets you see invisible.
   Will:      It decreases your willpower.
Magical Staves
 F - a staff of fire
Jewellery
 q - a ring of fire
 A - an amulet of guardian spirit
 B - the ring "Ysin Kosh" (left hand) {Ice Dex+4}
   (You found it on level 4 of the Dungeon)

   [ring of ice]

   It enhances your ice magic.
   Dex:       It affects your dexterity (+4).
   rF:        It makes you vulnerable to fire.
   rC:        It protects you from cold.
 D - a ring of magical power (right hand)
Wands
 e - a wand of polymorph (15)
Scrolls
 i - 3 scrolls of identify
 j - 2 scrolls of fear
 m - a scroll of magic mapping
 n - a scroll of poison {unknown}
 r - a scroll of enchant armour
 s - 3 scrolls of teleportation
Potions
 b - a potion of curing
 c - 3 potions of might
 d - a potion of invisibility {unknown}
 f - a potion of berserk rage
 g - 2 potions of lignification {unknown}
 h - 3 potions of degeneration {unknown}
 k - 2 potions of flight {unknown}
 t - a potion of mutation
 v - 5 potions of haste
 w - 2 potions of attraction
 C - a potion of experience
 E - a potion of brilliance {unknown}
Miscellaneous
 H - a lightning rod (inert)


   Skills:
 + Level 7.7 Fighting
 + Level 6.0 Dodging
 - Level 5.0 Stealth
 * Level 8.3 Spellcasting
 + Level 5.1 Conjurations
 + Level 6.7 Ice Magic


You had 6 spell levels left.
You knew the following spells:

 Your Spells              Type           Power      Damage    Failure   Level
a - Freeze                Ice            100%       1d11      1%          1
b - Frozen Ramparts       Ice            100%       1d16      1%          3
c - Ozocubu's Armour      Ice            52%        N/A       1%          3
d - Hailstorm             Conj/Ice       48%        3d11      7%          4
e - Freezing Cloud        Conj/Ice/Air   18%        6-21      41%         5
f - Swiftness             Air            8%         N/A       26%         3

Your spell library contained the following spells:

 Spells                   Type           Power      Damage    Failure   Level
 Magic Dart               Conj           100%       1d8       1%          1
 Searing Ray              Conj           56%        2d6       1%          2
 Ensorcelled Hibernation  Hex/Ice        64%        N/A       3%          2
 Static Discharge         Conj/Air       18%        3-6/arc   4%          2
 Passwall                 Tmut/Erth      6%         N/A       13%         2
 Fulminant Prism          Conj/Hex       9%         3d7       28%         4
 Sticky Flame             Conj/Fire      18%        2d4       28%         4
 Dispel Undead            Necr           8%         3d8       63%         4
 Simulacrum               Ice/Necr       16%        N/A       97%         6
 Polar Vortex             Ice            26%        N/A       100%        9


Dungeon Overview and Level Annotations

Branches:
Dungeon (7/15)             Temple (1/1) D:6          Bailey (visited)

Altars:
Ashenzari
Cheibriados
Elyvilon
Fedhas
Gozag
Makhleb
Nemelex Xobeh
Okawaru
Ru
Sif Muna
Trog
Uskayaw
Xom
Yredelemnul
Zin
The Shining One

Annotations:
D:4 2 runed translucent doors
D:6 2 transporters, Flugkiller's ghost, novice MiFi
D:7 1 transporter


Innate Abilities, Weirdness & Mutations

You are too large for most types of armour.
You have tough skin. (AC +1)
Your system is resistant to poisons. (rPois)


Message History

The wight hits you but does no damage.
You hit the wight.
The wight is almost destroyed.
Your icy armour will break if you move.
Continue?
Okay, then.
Your icy armour will break if you move.
Continue?
The wight attacks as you move away! The wight closely misses you.
Your icy armour cracks and falls away as you move.
The wight hits you with a +0 flail.
You feel drained. The wight attacks as you move away!
The wight hits you with a +0 flail!
You feel drained.
Found a transporter.
There is an escape hatch in the ceiling here.
Magic restored.
The orc hits you but does no damage. The wight hits you with a +0 flail!
* * * LOW HITPOINT WARNING * * *
A mysterious force pulls you upwards. The hatch slams shut behind you.
Level annotation: 2 transporters, Flugkiller's ghost, novice MiFi The orc attacks as you move away!
The orc hits you with a staff of earth.
* * * LOW HITPOINT WARNING * * *
The wight barely misses you. The orc attacks as you move away!
The orc barely misses you. The orc attacks as you move away!
The orc barely misses you. The wight attacks as you move away!
The wight hits you with a +0 flail.
* * * LOW HITPOINT WARNING * * *
You feel drained.
* * * LOW HITPOINT WARNING * * *
Flugkiller's ghost turns its malevolent gaze towards you.
The ogre shouts!
The two-headed ogre shouts in stereo!
The wight attacks as you move away! The wight hits you with a +0 flail!
* * * LOW HITPOINT WARNING * * *
You feel drained.
* * * LOW HITPOINT WARNING * * *
Press: ? - help, v - describe, . - travel
Here: a wight, wielding a +0 flail and wearing a +0 robe (almost destroyed)
The floor, spattered with blood.
You feel better. The wight barely misses you.
The wight attacks as you move away! The wight hits you but does no damage.
The wight attacks as you move away! The wight hits you with a +0 flail!
You die...

...#....##..#######.............#
........##.>#######.##+###......#
..########..#...........##.#....#
..#.....©#........#.....##.#.....
..#..##$.#........+.....##.##.###
### #..#.#...#..#.#.....##.##.#..
#..#.#...#..#.#.....##.##)...
..##.O#©.......#........###...
©....O#.....z@.'..####### #...
..##.O#©...o...#####....# #...
.#..#W#..#.######<##'##.# #...
#..#O#....# #...#....###..#
..##..#....# #.♣.#..........
.)....#....# #...#...#######
########....### ##.'#<..# #
#...........'.######....#######
#...........###...##.).......#


You could see a wight and an orc.

Vanquished Creatures
  Eustachio (D:5)
  4 yaks (D:5)
  A steam dragon (D:4)
  Edmund (D:4)
  A water moccasin (D:7)
  2 ice beasts (D:6)
  2 sky beasts
  A black bear (D:7)
  6 ogres
  4 centaurs
  7 wolves (Bailey)
  8 gnoll sergeants (Bailey)
  3 scorpions
  5 wights
  2 killer bees (D:4)
  A howler monkey (D:5)
  8 hounds
  3 jellies
  Crazy Yiuf (D:2)
  An orc priest (D:6)
  6 gnoll boudas
  3 iguanas (D:5)
  An orc wizard (D:6)
  Natasha (thrice) (D:2)
  Robin (D:4)
  15 gnolls
  3 adders
  A white imp (D:5)
  2 ufetubi (D:6)
  8 worms
  8 orcs
  7 bats
  5 endoplasms
  4 giant cockroaches
  19 goblins
  4 hobgoblins
  4 jackals (D:4)
  6 kobolds
  4 quokkas
  6 ball pythons
  2 frilled lizards (D:1)
  6 rats
180 creatures vanquished.

Notes
Turn   | Place    | Note
-------+----------+-------------------------------------------
     0 | D:1      | Ashen the Ogre Ice Elementalist began the quest for the
                  | Orb.
     0 | D:1      | Reached XP level 1. HP: 16/16 MP: 3/3
   454 | D:1      | Reached XP level 2. HP: 24/24 MP: 3/5
  1644 | D:1      | Reached XP level 3. HP: 26/31 MP: 4/7
  1648 | D:1      | Learned a level 3 spell: Frozen Ramparts
  1652 | D:1      | Learned a level 3 spell: Ozocubu's Armour
  1818 | D:2      | Found a faded altar of an unknown god.
  1947 | D:2      | Noticed Natasha
  1954 | D:2      | Killed Natasha
  1955 | D:2      | Reached skill level 1 in Fighting
  1955 | D:2      | Reached skill level 3 in Spellcasting
  1969 | D:2      | Noticed Natasha
  1979 | D:2      | Killed Natasha
  1980 | D:2      | Reached XP level 4. HP: 7/41 MP: 0/8
  2362 | D:2      | Found a runed translucent door.
  2363 | D:2      | Noticed Crazy Yiuf
  2371 | D:2      | Killed Crazy Yiuf
  2378 | D:2      | Identified the +7 hammer of the Undead {freeze, rC- rN+
                  | MP-9 Int+9}
  3050 | D:2      | Noticed Natasha
  3062 | D:2      | Killed Natasha
  3063 | D:2      | Reached XP level 5. HP: 4/49 MP: 2/10
  3772 | D:3      | Noticed a moth of wrath
  3775 | D:3      | Found a bloodstained altar of Trog.
  3844 | D:3      | Learned a level 4 spell: Hailstorm
  4089 | D:3      | Identified the +6 spear of the Messenger {vorpal, MP+9}
  4365 | D:3      | Found a faded altar of an unknown god.
  4368 | D:3      | Found a shimmering altar of Xom.
  4774 | D:4      | Reached XP level 6. HP: 38/59 MP: 11/11
  4996 | D:4      | Gained mutation: Your system is resistant to poisons.
                  | (rPois) [potion of mutation]
  5039 | D:4      | Found a large runed translucent door.
  5039 | D:4      | Found a large runed translucent door.
  5061 | D:4      | Noticed a steam dragon
  5244 | D:4      | Killed a steam dragon
  5245 | D:4      | Reached skill level 4 in Spellcasting
  5245 | D:4      | Reached skill level 1 in Conjurations
  5429 | D:4      | Found a burning altar of Makhleb.
  5453 | D:4      | Found a large runed translucent door.
  5453 | D:4      | Found a large runed translucent door.
  5475 | D:4      | Reached XP level 7. HP: 64/67 MP: 13/13
  5515 | D:4      | Noticed Robin
  5535 | D:4      | Killed Robin
  5546 | D:4      | Noticed Edmund
  5571 | D:4      | Killed Edmund
  6020 | D:4      | Identified the ring "Ysin Kosh" {Ice Dex+4}
  6308 | D:5      | Entered Level 5 of the Dungeon
  6343 | D:5      | Reached skill level 5 in Ice Magic
  6343 | D:5      | Reached XP level 8. HP: 42/79 MP: 14/15
  6593 | D:5      | Reached skill level 5 in Spellcasting
  6693 | D:5      | Noticed a yak
  6694 | D:5      | Noticed a yak
  6695 | D:5      | Noticed a yak
  6695 | D:5      | Noticed a yak
  6701 | D:5      | Killed a yak
  6701 | D:5      | Killed a yak
  6702 | D:5      | Reached skill level 5 in Fighting
  6702 | D:5      | Killed a yak
  6704 | D:5      | Killed a yak
  6705 | D:5      | Reached XP level 9. HP: 82/88 MP: 13/17
  7050 | D:5      | Noticed Eustachio
  7064 | D:5      | Killed Eustachio
  7065 | D:5      | Reached skill level 6 in Spellcasting
  7262 | D:5      | Reached skill level 5 in Dodging
  8378 | D:6      | Found a transporter.
  8422 | D:6      | Found a transporter.
  8422 | D:6      | Noticed Flugkiller's ghost (novice MiFi)
  8426 | D:6      | Identified the +10 great mace of Vodor {spect, rPois rF+
                  | rC+ Dex+3}
  8426 | D:6      | Noticed a two-headed ogre
  8451 | D:6      | Identified the +1 storm dragon scales of the Cartwright
                  | {rElec rF+ Will- Dex+3 SInv}
  8452 | D:6      | Found a staircase to the Ecumenical Temple.
  8948 | Temple   | Entered the Ecumenical Temple
  8948 | Temple   | Found a transporter.
  8948 | Temple   | Found a transporter.
  8950 | Temple   | Found a transporter.
  8950 | Temple   | Found a transporter.
  9036 | D:7      | Found a flagged portal.
  9054 | D:7      | Reached skill level 7 in Spellcasting
  9066 | Bailey   | Entered a bailey
  9299 | Bailey   | Reached XP level 10. HP: 84/100 MP: 14/20
  9332 | Bailey   | Learned a level 5 spell: Freezing Cloud
  9336 | Bailey   | Learned a level 3 spell: Swiftness
  9645 | Bailey   | Reached skill level 5 in Stealth
  9743 | Bailey   | Reached skill level 8 in Spellcasting
 10146 | D:7      | Reached skill level 5 in Conjurations
 10362 | D:7      | Found a transporter.
 10372 | D:6      | HP: 2/85 [wight/+0 flail (3)]
 10378 | D:6      | Slain by a wight

Illustrated notes

Levels and vault maps discovered:
D:1:      lightli_arrival_maybe_door_vault, layout_basic,
          serial_co_window_serial, co_window_cross_1, co_window_paths_a,
          co_window_paths_a, co_window_of_opportunity_a, co_window_corner_a,
          co_window_corner_b, co_window_2corner, co_window_paths_c,
          co_window_corner_b, co_window_2corner, co_window_corner_ca,
          co_window_sun, glass_columns_b, glass_columns_a, glass_columns_c
D:2:      layout_loops_corners, nicolae_ecumenical_pavilion,
          hangedman_abyss_or_decor_lesser_grid, uniq_natasha,
          uniq_crazy_yiuf_cottage
D:3:      layout_basic, tgw_trog, nicolae_overflow_ecumenical_swirl,
          minmay_liquid_box
D:4:      layout_basic, makhleb_heckhound_becter, serial_bayou_pond_e,
          minmay_hollow_rounded_squares, uniq_robin, uniq_edmund
D:5:      layout_rooms, minmay_splitting_lines, minmay_misc_feat_diagonals,
          uniq_eustachio
D:6:      layout_basic, minmay_temple_entry_poolview, gammafunk_ghost_smash,
          minmay_misc_feat_enclosed, grunt_ministairs_4, chequers_avenue,
          serial_park_tiny_1
D:7:      gammafunk_cloud_chamber, layout_rooms, enter_bailey_2,
          grunt_ministairs_12
Temple:   hellmonk_temple_divided_pantheon

Skill      XL: |  1  2  3  4  5  6  7  8  9 10 |
---------------+-------------------------------+-----
Dodging        | 2 3 4 5 6 |  6.0
Fighting       | 1 2 3 4 5 6 7 |  7.7
Stealth        | 2 3 4 5 |  5.0
Spellcasting   | 3 4 5 7 8 |  8.3
Ice Magic      | 4 5 6 |  6.7
Conjurations   | 1 2 3 4 5 |  5.1

Action                   |  1- 3 |  4- 6 |  7- 9 | 10-12 || total
-------------------------+-------+-------+-------+-------++-------
Melee: Unarmed           |    11 |       |       |       ||    11
       Mace              |       |    20 |       |       ||    20
       Spear             |       |    50 |   147 |    73 ||   270
       Punch             |       |     1 |       |     2 ||     3
       Dagger            |       |       |    10 |       ||    10
       Giant spiked club |       |       |    12 |       ||    12
 Cast: Freeze            |    46 |    30 |     2 |       ||    78
       Frozen Ramparts   |     2 |    10 |    10 |     5 ||    27
       Ozocubu's Armour  |       |     6 |    13 |     5 ||    24
       Hailstorm         |       |       |    27 |    14 ||    41
Evoke: Lightning rod     |       |       |       |     4 ||     4
  Use: Potion            |       |     2 |       |     1 ||     3
       Scroll            |       |     4 |    14 |       ||    18
 Stab: Sleeping          |       |     4 |    11 |     1 ||    16
Armor: Robe              |    12 |    28 |    61 |    24 ||   125
       Storm dragon scal |       |       |     5 |       ||     5
Dodge: Dodged            |    22 |    50 |   104 |    71 ||   247
